 Dungeon Crawl Stone Soup version 0.31.0-32-g396128a36d (webtiles) character file.

Game seed: 17939812704373380442

42 AlbinoHulk the Grave Robber (level 3, -4/24 HPs)
             Began as a Human Necromancer on Mar 21, 2024.
             Killed from afar by Sigmund (7 damage)
             ... with a magic dart
             ... on level 2 of the Dungeon.
             The game lasted 00:15:29 (1330 turns).

AlbinoHulk the Grave Robber (Human Necromancer)     Turns: 1330, Time: 00:15:30

Health: -4/24      AC:  2    Str:  8    XL:     3   Next: 56%
Magic:  3/6        EV: 12    Int: 17    God:
Gold:   99         SH:  0    Dex: 13    Spells: 5/6 levels left

rFire   + . .        f - +0 short sword (venom)
rCold   x . .        k - orb {mayhem}
rNeg    . . .        a - +0 robe
rPois   .            (no helmet)
rElec   .            (no cloak)
rCorr   .            (no gloves)
SInv    .            (no boots)
Will    .....        (no amulet)
Stlth   +            i - ring of fire
HPRegen 0.24/turn    (no ring)
MPRegen 0.10/turn

%: mayhem
@: confused
A: explore regen
a: no special abilities


You were on level 2 of the Dungeon.
You visited 1 branch of the dungeon, and saw 2 of its levels.

You collected 99 gold pieces.

Inventory:

Hand Weapons
 d - a +0 dagger
 f - a +0 short sword of venom (weapon)
Armour
 a - a +0 robe (worn)
 k - an orb of mayhem (worn)
Jewellery
 i - a ring of fire (left hand)
Scrolls
 g - a scroll of fear {unknown}
 l - 3 scrolls of teleportation {unknown}
Potions
 b - a potion of magic
 c - a potion of haste {unknown}
 e - a potion of lignification {unknown}
 h - a potion of attraction {unknown}
 j - a potion of brilliance {unknown}


   Skills:
 + Level 0.2 Fighting
 + Level 0.4 Short Blades
 + Level 2.4 Dodging
 + Level 2.0 Stealth
 + Level 0.5 Unarmed Combat
 + Level 2.3 Spellcasting
 + Level 4.5 Necromancy


You had 5 spell levels left.
You knew the following spells:

 Your Spells              Type           Power      Damage    Failure   Level
a - Necrotise             Necr           68%        1d7       2%          1

Your spell library contained the following spells:

 Spells                   Type           Power      Damage    Failure   Level
 Vampiric Draining        Necr           17%        2d7       9%          3
 Foxfire                  Conj/Fire      8%         2x1d4     19%         1
 Animate Dead             Necr           17%        N/A       28%         4
 Curse of Agony           Necr           17%        N/A       61%         5
 Plasma Beam              Fire/Air       1%         2x1d11    100%        6
 Starburst                Conj/Fire      1%         6d3       100%        6


Dungeon Overview and Level Annotations

Branches:
Dungeon (2/15)

Altars:

Annotations:
D:2 Sigmund


Innate Abilities, Weirdness & Mutations

You regain HP and MP as you explore.


Message History

There is an open door here.
The hobgoblin closely misses you. The hobgoblin hits you.
You hit the hobgoblin.
You kill the hobgoblin!
You open the door.
There is an open door here.
Your hobgoblin skeleton crumbles into dust!
Found a club.
Sigmund the Dreaded comes into view.
He is wielding a +0 scythe.
You see here a +0 club.
Sigmund shouts!
Okay, then.
Sigmund barely resists.
Sigmund writhes in agony.
Sigmund misses you.
Sigmund writhes in agony!
Sigmund hits you from afar with a +0 scythe!
Sigmund barely resists.
Sigmund casts a spell.
Sigmund flickers and vanishes!
Deactivating autopickup; reactivate with Ctrl-A.
Something tries to affect you, but you resist.
You can't see any susceptible monsters within range! (Use Z to cast anyway.)
Something hits you.
A magic dart appears from out of thin air!
The magic dart hits you!
You are too injured to fight recklessly!
Okay, then.
Aiming: Necrotise (safe; 2% risk of failure)
Press: ? - help, Q - select action Shift-Dir - straight line Nothing appears to happen.
A magic dart appears from out of thin air!
The magic dart hits you!
* * * LOW HITPOINT WARNING * * *
You see here a +0 club.
You are confused.
You are too injured to fight recklessly!
A magic dart appears from out of thin air!
The magic dart hits you!
You die...

##........'............#
#......####............#
##.##.## ##.......#.#..
####.# ##.....##.# . #.#
##...## . #.# ##+## .
#.# ###.# #
#.#######.... .#
#..@........###.##
#..######......... #..#
####........#
#..###.##..!..#..#
#.{##.#..........#
#......##........#
##)#######.#######
#...{.....# ###########


There were no monsters in sight!

Vanquished Creatures
  3 ball pythons (D:1)
  4 endoplasms
  2 goblins
  5 hobgoblins
  4 jackals (D:1)
  3 quokkas (D:1)
  2 bats (D:1)
  2 frilled lizards (D:1)
  3 kobolds (D:1)
  6 rats (D:1)
34 creatures vanquished.

Vanquished Creatures (collateral kills)
  A ball python (D:1)
  A hobgoblin (D:1)
  A jackal (D:1)
3 creatures vanquished.

Grand Total: 37 creatures vanquished

Notes
Turn   | Place    | Note
-------+----------+-------------------------------------------
     0 | D:1      | AlbinoHulk the Human Necromancer began the quest for the
                  | Orb.
     0 | D:1      | Reached XP level 1. HP: 13/13 MP: 3/3
   112 | D:1      | Reached XP level 2. HP: 19/19 MP: 0/5
   523 | D:1      | Reached XP level 3. HP: 24/24 MP: 4/6
  1290 | D:2      | Noticed Sigmund
  1323 | D:2      | HP: 1/24 [something/magic dart (9)]
  1330 | D:2      | Killed from afar by Sigmund

Illustrated notes

Levels and vault maps discovered:
D:1:      tekkud_arrival_beachfront_property, layout_loops_ring,
          minmay_pentomino_z4
D:2:      cheibrodos_greedy_goblins, layout_loops_corners, serial_undead,
          serial_undead_b, serial_undead_e, serial_undead_c, serial_undead_b,
          grunt_decor_junction, minivault_24, uniq_terence, uniq_sigmund

Action                     || total
---------------------------++-------
  Melee: Unarmed           ||     5
         Short sword       ||    34
         Dagger            ||     1
         Punch             ||     1
   Cast: Necrotise         ||    55
 Armour: Robe              ||    34
  Dodge: Dodged            ||    55
